Match 47092758
Unlisted

Match 47092758
End
Construct Section Command Post
Selects Indian Artillery Battlegroup
Infantry Section
Infantry Section
Dingo Light Scout Car
Infantry Section
Selects Towed ML 4.2-inch Heavy Mortar
Towed ML 4.2-inch Heavy Mortar
Infantry Section
Construct Platoon Command Post
Selects Valour
Vickers Machine Gun Team
Selects Gurkha Rifles Section
6-pounder Anti-tank Gun Team
Construct Company Command Post
Matilda II Heavy Tank
Crusader II Medium Tank
Grenade Package
Infantry Training
Gurkha Rifles Section
Selects Off-map Airburst Barrage
Selects Perimeter Monitor
Royal Engineer Section
Crusader II Medium Tank
Unlock Bishop Self-propelled Artillery
6-pounder Anti-tank Gun Team
Bishop Self-propelled Artillery
Selects Volunteer Infantry
Bishop Self-propelled Artillery
Boondoggle
ramiraiise
Ends of Invention
Weers
Phoenix
-=Thrawn=-
0
0

Comments sign in to comment!

No comments posted yet!